 Dungeon Crawl Stone Soup version 0.14.0-24-gfb45beb (webtiles) character file.

339327 oshikia the Black Belt (level 21, -8/134 HPs)
             Began as a Gargoyle Monk on Apr 22, 2014.
             Was a High Priest of Cheibriados.
             Splashed by an acid blob's acid (14 damage)
             ... created by the royal jelly
             ... on Level 6 of the Pits of Slime on Apr 23, 2014.
             The game lasted 05:20:14 (45616 turns).

oshikia the Black Belt (Gargoyle Monk)             Turns: 45616, Time: 05:20:16

HP  -8/134       AC 23     Str 38      XL: 21   Next: 92%
MP  20/37        EV 41     Int 26      God: Cheibriados [*****.]
Gold 1431        SH  0     Dex 38      Spells:  8 memorised, 11 levels left

rFire  . . .     SeeInvis .       - Unarmed
rCold  . . .     Clarity  .     R - +4 troll leather armour
rNeg   + . .     Conserve .     (no shield)
rPois  +         rCorr    .     k - -1 hat
rElec  +         rRot     +     S - -4 cloak
SustAb . .       Spirit   .     (no gloves)
rMut   +         Warding  .     q - -4 pair of boots {Stlth+}
Saprov . . .     Stasis   .     Q - amulet of resist mutation
MR     +....                    u - ring of regeneration
                                N - +0,+9 ring of slaying

@: regenerating (expiring), stone skin, about to teleport, phasing, mighty,
agile, flying, very slightly contaminated, very slow, somewhat resistant to
hostile enchantments, extraordinarily stealthy
A: able to fly continuously, large and strong wings, claws 1, talons 1, molten
scales 1, carnivore 1, life protection 1, electricity resistance, strong 1,
unbreathing, petrification resistance, AC +15
a: Stop Flying, Bend Time, Temporal Distortion, Slouch, Step From Time, Renounce
Religion
}: 2/15 runes: barnacled, gossamer


You were on level 6 of the Pits of Slime.
You worshipped Cheibriados.
Cheibriados was extremely pleased with you.
You were not hungry.

You visited 8 branches of the dungeon, and saw 46 of its levels.
You visited the Abyss 2 times.
You also visited: Ice Cave.

You collected 4301 gold pieces.
You spent 2870 gold pieces at shops.

Inventory:

Hand weapons
 C - a +5 blowgun
Missiles
 o - 9 curare-tipped needles
Armour
 k - a -1 hat (worn)
 q - a -4 pair of boots of stealth (worn)
 s - the +4 skin of Zhor {rC+++}
   (You acquired it on level 8 of the Lair of Beasts)

   It renders you almost immune to cold.
 O - the +3 pair of gloves of Wrong Decisions {Str-3 Int+5}
   (You found it in an ice cave)

   It affects your strength (-3).
   It affects your intelligence (+5).
 R - a +4 troll leather armour (worn)
 S - a -4 cloak (worn)
Magical devices
 i - a wand of disintegration (8)
 m - a wand of frost (11)
 w - a wand of heal wounds (0)
 z - a wand of cold (6)
 F - a wand of teleportation (4)
 H - a wand of fire (5)
 J - a wand of flame (2)
 L - a wand of lightning (3)
Comestibles
 b - 21 bread rations
 I - 3 pieces of ambrosia
 M - 4 meat rations
Scrolls
 c - 4 scrolls of magic mapping
 f - 8 scrolls of identify
 g - 15 scrolls of remove curse
 r - 2 scrolls of amnesia
 B - 2 scrolls of enchant armour
 E - a scroll of holy word
 P - 3 scrolls of teleportation
 W - 6 scrolls of fear
Jewellery
 u - a ring of regeneration (right claw)
 A - an uncursed ring of sustenance
 D - an uncursed ring of see invisible
 N - a +0,+9 ring of slaying (left claw)
 Q - an amulet of resist mutation (around neck)
 U - the ring "Poepteas" {Wiz rF+ Stlth++}
   (You bought it in a shop on level 4 of the Orcish Mines)

   [ring of wizardry]

   It protects you from fire.
   It makes you much more stealthy.
 Z - an uncursed ring of protection from fire
Potions
 a - 13 potions of curing
 d - a potion of heal wounds
 l - a potion of porridge
 n - 2 potions of restore abilities
 v - 2 potions of resistance
 K - 2 potions of brilliance
Books
 e - a book of the Warp

   Spells                             Type                      Level
   Control Teleport                   Charms/Translocation         4
   *Phase Shift                       Translocation                5
   Warp Weapon                        Charms/Translocation         5
   Summon Forest                      Summoning/Translocation      5
   Dispersal                          Translocation                6
   *Controlled Blink                  Translocation                7
   Disjunction                        Translocation                8
 G - a book of the Earth

   Spells                             Type                      Level
   Leda's Liquefaction                Hexes/Earth                  4
   Bolt of Magma                      Conjuration/Fire/Earth       5
   *Statue Form                       Transmutation/Earth          6
   Iron Shot                          Conjuration/Earth            6
   Shatter                            Earth                        9
 Y - a book of Transfigurations

   Spells                             Type                      Level
   *Stoneskin                         Transmutation/Earth          2
   Ice Form                           Ice/Transmutation            4
   *Statue Form                       Transmutation/Earth          6
   Dragon Form                        Transmutation                7


   Skills:
 + Level 15.0 Fighting
 - Level 5.7 Armour
 + Level 11.6 Dodging
 + Level 12.8 Stealth
 * Level 20.1 Unarmed Combat
 + Level 11.4 Spellcasting
 - Level 1.6 Necromancy
 * Level 10.2 Translocations
 + Level 12.9 Transmutations
 - Level 13.5 Earth Magic
 - Level 8.4 Invocations


You had 11 spell levels left.
You knew the following spells:

 Your Spells              Type           Power        Failure   Level  Hunger
a - Spider Form           Trmt/Pois      #####.....   1%          3    None
b - Call Canine Familiar  Summ           ##......     14%         3    None
c - Regeneration          Chrm/Necr      ###.......   10%         3    None
d - Stoneskin             Trmt/Erth      ######....   1%          2    None
e - Statue Form           Trmt/Erth      ######....   2%          6    #####..
f - Controlled Blink      Tloc           N/A          54%         7    ######.
g - Phase Shift           Tloc           ######....   1%          5    ##.....
h - Blink                 Tloc           N/A          1%          2    None


Dungeon Overview and Level Annotations

Branches:
Dungeon (15/15)            Temple (1/1) D:6             Orc (4/4) D:12
    Elf (0/3) Orc:4          Lair (8/8) D:11         Shoals (5/5) Lair:5
 Spider (5/5) Lair:5        Slime (6/6) Lair:8       Vaults (0/5) D:13
 Depths (2/5) D:15

Altars:
Ashenzari
Cheibriados
Dithmenos
Elyvilon
Fedhas
Kikubaaqudgha
Makhleb
Nemelex Xobeh
Okawaru
Sif Muna
Trog
Vehumet
Xom
Yredelemnul
Zin
The Shining One
Beogh
Lugonu

Shops:
D:11 [   D:14 *   Orc:2 [   Orc:4 ([*=   Depths:1 *

Portals:
Hell: Depths:1 Depths:2
Ziggurat: Depths:2


Innate Abilities, Weirdness & Mutations

You are resistant to torment.
You are immune to poison.
You are immune to rotting.
You can fly continuously.
Your stone body is very resilient (AC +15).*
Your wings are large and strong.*
You resist negative energy.
You are resistant to electric shocks.*
You can survive without breathing.*
You are immune to petrification.
You have sharp fingernails.*
You have sharp toenails.*
You are partially covered in molten scales (AC +1).*
Your digestive system is specialised to digest meat.
Your muscles are strong. (Str +2)


Message History

The azure jelly misses you.
You momentarily phase out as the azure jelly's attack passes through you.
The azure jelly misses you. The azure jelly completely misses you.
You momentarily phase out as the death ooze's attack passes through you.
The death ooze completely misses you. The azure jelly misses you.
The azure jelly completely misses you. The azure jelly misses you.
The azure jelly hits you but does no damage.
The acid blob spits acid at you. The splash of acid misses you.
The splash of acid hits the acid blob.
The acid blob completely resists.
Read which item? (? for menu, Esc to quit)
Blink to where?
Press: ? - help, Dir - move target cursor
As you read the scroll of blinking, it crumbles to dust.
The acid blob spits acid at you. The splash of acid hits you!
The acid burns!
* * * LOW HITPOINT WARNING * * *
x2 The acid blob spits acid at you.
The splash of acid hits you!
The acid burns!
You die...

........JJ######
.......J..J##...#.
........J.JJ.JJ#...
.......JJJ.JJ#######
...........JJ..###))
...........JJJ###%$}
..............###?}φ
.................##$
.........@........##
...................###
.....................#
......................#
........<...............
.....#.....................
#.# ###...................
##..................
###................


You could see 4 acid blobs, 2 azure jellies and 7 death oozes.

Vanquished Creatures
  the royal jelly (Slime:6)
  Saint Roka (Orc:4)
  Mara (Shoals:3)
  Arachne (Spider:4)
  The ghost of tedric the Earth Mage, a mighty GrEE of Vehumet (Slime:6)
  An Ice Fiend (IceCv)
  12 acid blobs
  Polyphemus (Shoals:2)
  A lich (Depths:2)
  3 krakens
  Rupert (Spider:1)
  Agnes (Shoals:4)
  A sphinx (Depths:2)
  Kirke (D:14)
  Roxanne (Shoals:3)
  Ilsuiw (Shoals:3)
  5 azure jellies
  3 ghouls (Depths:2)
  5 ghost moths
  A fire giant (Depths:1)
  Aizul (Shoals:3)
  Louise (Spider:5)
  6 emperor scorpions
  An octopode crusher (Depths:2)
  6 stone giants
  A spriggan defender (Depths:1)
  4 vampire knights (Depths:2)
  2 dire elephants
  An unborn (Depths:2)
  5 merfolk javelineers (Shoals:5)
  An ettin (Depths:1)
  Snorg (Lair:6)
  3 vault guards (D:13)
  8 merfolk impalers
  6 sirens
  4 great orbs of eyes
  5 yaktaur captains
  Josephine (D:14)
  A minotaur (Depths:1)
  4 fire dragons
  2 quicksilver dragon skeletons (Depths:2)
  A spriggan air mage (Depths:1)
  Fannar (Orc:4)
  3 ice dragons
  Harold (Orc:3)
  5 hydras
  Nessos (D:14)
  2 deep troll earth magi
  A ravenous feature mimic (Depths:1)
  Erica (Lair:1)
  8 merfolk aquamancers
  An alligator snapping turtle (Shoals:5)
  6 deep troll shamans
  A satyr (Shoals:4)
  2 tengu warriors
  A spriggan assassin (Depths:1)
  9 death yaks
  4 ogre magi (Orc:4)
  Urug (D:13)
  11 very ugly things
  Nergalle (Lair:6)
  7 centaur warriors
  5 catoblepae
  2 iron trolls
  4 unseen horrors
  14 sea snakes
  Erolcha (D:13)
  14 deep trolls
  3 giant orange brains
  5 ice devils (IceCv)
  2 ice statues
  2 lindwurms (Lair:8)
  11 orb spiders
  2 orc knights
  6 hill giants
  6 water nymphs
  5 necromancers
  A wizard (D:13)
  A sphinx zombie (Depths:2)
  18 griffons
  An orc sorcerer (Orc:4)
  7 shining eyes
  2 stone giant zombies (Depths:2)
  2 frost giant zombies (Depths:2)
  2 phantasmal warriors (Depths:2)
  A red wasp (shapeshifter) (D:14)
  31 wolf spiders
  4 cyclopes
  9 red wasps
  22 harpies
  5 elephants (Lair:7)
  7 fauns
  17 manticores
  10 mermaids
  A sphinx skeleton (Depths:2)
  2 fire giant zombies (Depths:2)
  An apocalypse crab (Abyss:1)
  2 drowned souls
  The ghost of Dugar the Nimble, an experienced FeDK of Yredelemnul (D:8)
  Maurice (Orc:1)
  A guardian serpent (shapeshifter) (D:14)
  A frost giant skeleton (Depths:2)
  2 fire giant skeletons (Depths:2)
  2 moths of wrath
  10 black mambas
  A queen ant (D:10)
  4 gargoyles
  5 eyes of devastation
  A feature mimic (Lair:6)
  13 yaktaurs
  4 fire drakes
  Psyche (Orc:3)
  2 spriggan zombies (Depths:2)
  An efreet (Abyss:1)
  4 tengu conjurers
  14 spiny frogs
  6 anaconda simulacra (IceCv)
  A yaktaur (shapeshifter) (D:15)
  2 spriggan skeletons (Depths:2)
  6 freezing wraiths
  A ghoul skeleton (Depths:2)
  2 deep elf priests
  11 two-headed ogres (Orc:4)
  A hydra zombie (D:14)
  15 demonic crawlers
  2 harpy zombies (Shoals:3)
  2 polar bears (Lair:7)
  Sonja (D:13)
  4 boggarts (Depths:2)
  12 komodo dragons
  4 giant fireflies
  37 slime creatures
  33 merfolk
  15 blink frogs
  2 giant leeches (Lair:8)
  13 ravens
  4 wind drakes
  32 jumping spiders
  2 boulder beetles
  2 griffon zombies
  10 snapping turtles
  5 trolls
  3 basilisks
  14 brown oozes
  2 shadows
  13 trapdoor spiders
  17 tarantellas
  2 flying skulls (Depths:2)
  An elf skeleton (Depths:2)
  A spriggan (Depths:1)
  2 vampires
  4 deep elf magi
  A formicid (shapeshifter) (Depths:1)
  20 yaks
  37 redbacks
  An elf zombie (D:14)
  6 hogs
  A hill giant zombie (D:14)
  7 elephant slugs
  2 hungry ghosts
  14 sharks
  6 golden eyes
  2 dire elephant simulacra (IceCv)
  A fire bat (Orc:4)
  19 humans
  12 water elementals
  18 hippogriffs
  3 wraiths
  4 wyverns
  A fire elemental (Orc:3)
  2 deep elf fighters (D:15)
  26 ugly things
  6 vampire mosquitoes
  2 hill giant skeletons
  5 human zombies (D:13)
  4 mottled dragons
  An iron troll simulacrum (IceCv)
  9 wargs
  12 water moccasins
  2 death yak simulacra (IceCv)
  24 wolves
  3 deep troll zombies (Depths:2)
  3 harpy simulacra (IceCv)
  2 hydra simulacra (IceCv)
  7 porcupines
  A swamp drake (Lair:1)
  5 sky beasts
  24 soldier ants
  35 spiders
  2 small abominations (Abyss:1)
  22 ogres
  3 black bears
  3 yellow wasps
  33 orc warriors
  4 phantoms
  3 boring beetles
  13 ice beasts
  A manticore zombie (D:10)
  9 giant goldfish
  19 crocodiles
  An ettin simulacrum (IceCv)
  12 centaurs
  5 brain worms
  20 giant frogs
  15 giant slugs
  8 big kobolds
  A wyvern zombie (D:8)
  5 eyes of draining
  6 scorpions
  A tengu zombie (D:14)
  28 killer bees
  A yak zombie (D:9)
  2 hippogriff zombies (Shoals:3)
  A troll skeleton (D:9)
  2 tengu skeletons
  11 wights
  A hippogriff skeleton (D:13)
  12 crimson imps
  21 jellies
  13 hounds
  4 starcursed masses (Abyss:1)
  13 electric eels
  A giant frog zombie (D:5)
  6 goliath beetles
  A big fish (Spider:3)
  4 draconian simulacra (IceCv)
  22 orc priests
  37 orc wizards
  Natasha (D:5)
  6 polar bear simulacra
  2 troll simulacra (IceCv)
  30 worker ants
  13 iguanas
  3 yak simulacra (Lair:8)
  A sky beast zombie (D:5)
  3 centaur simulacra (IceCv)
  A wolf simulacrum (Lair:8)
  25 sheep
  2 ogre skeletons
  A hound zombie (D:5)
  A basilisk simulacrum (D:14)
  A mummy (D:9)
  2 worker ant zombies
  60 green rats
  23 adders
  8 gnolls
  5 giant mites
  2 shadow imps
  An inept feature mimic (D:10)
  3 naga simulacra (IceCv)
  11 white imps
  25 worms
  4 ufetubi (IceCv)
  An orc skeleton (D:9)
  An adder skeleton (D:8)
  10 giant eyeballs
  6 giant geckos
  5 oozes
  161 orcs
  A bat skeleton (D:7)
  A bat zombie (Shoals:3)
  9 giant cockroaches
  14 hobgoblins
  24 jackals
  37 kobolds
  10 quokkas
  29 bats
  6 giant newts
  3 giant spores
  31 goblins
  2 green rat simulacra (Lair:8)
  A hobgoblin zombie (D:5)
  An orc zombie (D:6)
  18 rats
  5 ballistomycetes
  2 plants
  6 tentacles (Shoals:4)
2067 creatures vanquished.

Vanquished Creatures (collateral kills)
  A hydra (D:13)
  An orc (D:12)
2 creatures vanquished.

Vanquished Creatures (others)
  A sea snake (Shoals:5)
  15 drowned souls
  A human (D:14)
  An electric eel (D:14)
  4 hounds
  A kobold zombie (D:13)
  4 fungi
  4 plants
  14 tentacles
  136 tentacle segments (Shoals:4)
181 creatures vanquished.

Grand Total: 2250 creatures vanquished

Notes
Turn   | Place    | Note
--------------------------------------------------------------
     0 | D:1      | oshikia, the Gargoyle Monk, began the quest for the Orb.
     0 | D:1      | Reached XP level 1. HP: 14/14 MP: 1/1
   159 | D:1      | Reached XP level 2. HP: 19/19 MP: 2/2
   168 | D:1      | Reached skill level 5 in Unarmed Combat
   299 | D:1      | Reached XP level 3. HP: 23/23 MP: 3/3
   597 | D:2      | Upgraded the game from 0.14.0-21-gd531db5 to 0.14.0-24-gfb45beb
   678 | D:2      | Found a glowing golden altar of the Shining One.
   690 | D:2      | Found a blossoming altar of Fedhas.
   969 | D:2      | Reached XP level 4. HP: 29/29 MP: 4/4
  1542 | D:3      | Reached skill level 6 in Unarmed Combat
  1544 | D:3      | Reached XP level 5. HP: 20/34 MP: 5/5
  1786 | D:3      | Noticed a phantom
  1843 | D:3      | Killed a phantom
  1843 | D:3      | Reached skill level 5 in Fighting
  1843 | D:3      | Reached XP level 6. HP: 21/40 MP: 6/6
  2031 | D:3      | Noticed a big kobold
  2049 | D:3      | Killed a big kobold
  2049 | D:3      | Reached skill level 7 in Unarmed Combat
  2838 | D:4      | Reached XP level 7. HP: 24/44 MP: 7/7
  3174 | D:4      | Reached skill level 8 in Unarmed Combat
  3738 | D:4      | Reached XP level 8. HP: 26/51 MP: 8/8
  4332 | D:5      | Entered Level 5 of the Dungeon
  4447 | D:5      | Reached skill level 9 in Unarmed Combat
  4786 | D:5      | Noticed Natasha
  4794 | D:5      | Killed Natasha
  5090 | D:6      | Found a staircase to the Ecumenical Temple.
  5099 | Temple   | Entered the Ecumenical Temple
  5151 | Temple   | Became a worshipper of Cheibriados the Contemplative
  5964 | D:6      | Reached skill level 1 in Invocations
  5971 | D:6      | Gained mutation: Your digestive system is specialised to digest meat. [mutagenic meat]
  5972 | D:6      | Gained mutation: You are partially covered in molten scales (AC +1). [mutagenic meat]
  6032 | D:6      | Reached XP level 9. HP: 45/57 MP: 9/11
  6269 | D:6      | Reached skill level 10 in Unarmed Combat
  6577 | D:7      | Acquired Cheibriados' first power
  6729 | D:7      | Found an ancient bone altar of Kikubaaqudgha.
  6729 | D:7      | Found a blossoming altar of Fedhas.
  7282 | D:7      | Acquired Cheibriados' second power
  7363 | D:8      | Reached skill level 5 in Stealth
  7577 | D:8      | Reached skill level 11 in Unarmed Combat
  7700 | D:8      | Noticed Dugar's ghost (experienced FeDK)
  7724 | D:8      | Killed Dugar's ghost
  7724 | D:8      | Reached skill level 5 in Dodging
  7724 | D:8      | Reached XP level 10. HP: 40/64 MP: 15/17
  8092 | D:8      | Found a white marble altar of Elyvilon.
  8277 | D:8      | Learned a level 3 spell: Spider Form
  8366 | D:9      | Acquired Cheibriados' third power
  8477 | D:9      | Reached skill level 1 in Transmutations
  9190 | D:10     | Entered Level 10 of the Dungeon
  9220 | D:10     | Killed an unseen horror
  9220 | D:10     | Reached skill level 1 in Spellcasting
  9555 | D:10     | Reached skill level 12 in Unarmed Combat
  9557 | D:10     | Reached skill level 5 in Invocations
  9563 | D:10     | Reached XP level 11. HP: 60/69 MP: 19/19
  9663 | D:10     | Noticed a hill giant
  9674 | D:10     | Noticed a hill giant
  9679 | D:10     | Killed a hill giant
  9958 | D:10     | Killed a hill giant
 10127 | D:10     | Gained mutation: You have sharp fingernails. [mutagenic meat]
 10661 | D:10     | Reached skill level 1 in Armour
 11014 | D:11     | Killed an unseen horror
 11121 | D:11     | Killed an unseen horror
 11256 | D:11     | Reached XP level 12. HP: 56/76 MP: 19/22
 11459 | D:11     | Found a staircase to the Lair.
 11729 | D:11     | Found Ujigaqio's Antique Armour Emporium.
 11847 | D:12     | Reached skill level 5 in Transmutations
 11857 | D:11     | Reached skill level 13 in Unarmed Combat
 11959 | D:12     | Found a staircase to the Orcish Mines.
 13153 | D:13     | Noticed a five-headed hydra
 13191 | D:13     | Gained mutation: You have sharp toenails. [potion of beneficial mutation]
 13200 | D:13     | Learned a level 3 spell: Call Canine Familiar
 13219 | D:13     | Killed a five-headed hydra
 13219 | D:13     | Reached skill level 10 in Fighting
 13333 | D:13     | Noticed Erolcha
 13346 | D:13     | Killed Erolcha
 13346 | D:13     | Reached XP level 13. HP: 38/82 MP: 24/24
 13484 | D:13     | Noticed Urug
 13492 | D:13     | Killed Urug
 13672 | D:13     | Noticed a vault guard
 13690 | D:13     | Killed a vault guard
 13695 | D:13     | Noticed a vault guard
 13703 | D:13     | Killed a vault guard
 13703 | D:13     | Reached skill level 5 in Spellcasting
 13706 | D:13     | Noticed a vault guard
 13713 | D:13     | Killed a vault guard
 13818 | D:13     | Found a gate to the Vaults.
 13890 | D:13     | Noticed Sonja
 13897 | D:13     | Reached skill level 14 in Unarmed Combat
 13909 | D:13     | Killed Sonja
 14217 | Lair:1   | Entered Level 1 of the Lair of Beasts
 14325 | Lair:1   | Gained mutation: Your muscles are strong. (Str +2) [potion of beneficial mutation]
 14563 | Lair:1   | Noticed Erica
 14568 | Lair:1   | Killed Erica
 15367 | Lair:2   | Learned a level 3 spell: Regeneration
 16917 | Lair:3   | Reached skill level 5 in Armour
 17239 | Lair:4   | Learned a level 2 spell: Stoneskin
 17316 | Lair:4   | Gained mutation: Your wings are large and strong. [gargoyle growth]
 17316 | Lair:4   | Reached XP level 14. HP: 88/88 MP: 19/26
 17328 | Lair:4   | Reached skill level 1 in Necromancy
 18083 | Lair:4   | Reached skill level 1 in Earth Magic
 18175 | Lair:5   | Learned a level 6 spell: Statue Form
 18282 | Lair:5   | Found a staircase to the Shoals.
 18626 | Lair:5   | Found a hole to the Spider Nest.
 19085 | Lair:6   | Noticed Nergalle
 19103 | Lair:6   | Killed Nergalle
 19342 | Lair:6   | Noticed Snorg
 19355 | Lair:6   | Killed Snorg
 19521 | Lair:6   | Found a staircase to the Swamp.
 19628 | Lair:6   | Learned a level 7 spell: Controlled Blink
 20254 | Lair:7   | Reached skill level 1 in Translocations
 20390 | Lair:7   | Identified a scroll of acquirement
 20399 | Lair:7   | Got a warped buckler
 20403 | Lair:7   | Identified the +2 buckler "Uroef" {Str-2 Int+3} (You found it on level 7 of the Lair of Beasts)
 20774 | Lair:8   | Entered Level 8 of the Lair of Beasts
 20857 | Lair:8   | Found a glowing golden altar of the Shining One.
 20960 | Lair:8   | Found a staircase to the Slime Pits.
 21018 | Lair:8   | Reached skill level 15 in Unarmed Combat
 21205 | Lair:8   | Reached skill level 5 in Earth Magic
 21205 | Lair:8   | Reached XP level 15. HP: 92/95 MP: 28/28
 22296 | Lair:8   | Reached skill level 10 in Stealth
 23148 | D:14     | Noticed Nessos
 23151 | D:14     | Paralysed by a giant eyeball for 4 turns
 23156 | D:14     | Killed Nessos
 23289 | D:14     | Noticed Kirke
 23312 | D:14     | Killed Kirke
 23474 | D:14     | Noticed Josephine
 23479 | D:14     | Killed Josephine
 23664 | D:14     | Found Qurphonk's Hallowed Reliquary.
 23665 | D:14     | Found a glowing golden altar of the Shining One.
 24164 | D:15     | Entered Level 15 of the Dungeon
 24280 | D:15     | Reached XP level 16. HP: 101/101 MP: 30/30
 24329 | D:15     | Found a staircase to the Depths.
 24379 | D:15     | Found a shadowy altar of Dithmenos.
 25505 | Orc:1    | Entered Level 1 of the Orcish Mines
 25643 | Orc:1    | Noticed Maurice
 25650 | Orc:1    | Killed Maurice
 25987 | Orc:2    | Found Emuism's Antique Armour Emporium.
 26045 | Orc:2    | Bought a pitted cloak for 237 gold pieces
 26046 | Orc:2    | Identified the cursed -2 cloak of Inevitability {rN+ Dex+3} (You bought it in a shop on level 2 of the Orcish Mines)
 26057 | Orc:2    | Found a roughly hewn altar of Beogh.
 26693 | Orc:3    | Noticed Psyche
 26701 | Orc:3    | Killed Psyche
 26995 | Orc:3    | Noticed Harold
 27017 | Orc:3    | Killed Harold
 27365 | Orc:4    | Entered Level 4 of the Orcish Mines
 27383 | Orc:4    | Noticed Saint Roka
 27406 | Orc:4    | Killed Saint Roka
 27406 | Orc:4    | Reached skill level 10 in Transmutations
 27570 | Orc:4    | Found a staircase to the Elven Halls.
 27735 | Orc:4    | Noticed Fannar
 27742 | Orc:4    | Killed Fannar
 27847 | Orc:4    | Found Pased's Armour Shoppe.
 27847 | Orc:4    | Found Nosopt's Jewellery Boutique.
 27850 | Orc:4    | Found Klasuy's General Store.
 27850 | Orc:4    | Found Khism's Antique Weapon Shop.
 27859 | Orc:4    | Reached skill level 16 in Unarmed Combat
 27864 | Orc:4    | Cast into the Abyss (ogre mage)
 27877 | Orc:4    | Escaped the Abyss
 27906 | Orc:4    | Bought a scroll of enchant armour for 127 gold pieces
 27908 | Orc:4    | Bought a +0,+9 ring of slaying for 1978 gold pieces
 27908 | Orc:4    | Bought the ring "Poepteas" {Wiz rF+ Stlth++} for 528 gold pieces
 28002 | Orc:4    | Learned a level 5 spell: Phase Shift
 28697 | Lair:6   | the staircase to the Swamp was a mimic.
 28766 | Spider:1 | Entered Level 1 of the Spider Nest
 28826 | Spider:1 | Noticed Rupert
 28847 | Spider:1 | Killed Rupert
 29585 | Spider:2 | Reached skill level 10 in Earth Magic
 29840 | Spider:2 | Reached XP level 17. HP: 106/106 MP: 31/31
 31190 | Spider:4 | Reached skill level 5 in Translocations
 31208 | Spider:4 | Noticed Arachne
 31221 | Spider:4 | Killed Arachne
 31350 | Spider:4 | Found a frozen archway.
 31368 | Spider:4 | Learned a level 2 spell: Blink
 31385 | IceCv    | Entered an ice cave
 31845 | IceCv    | Noticed an Ice Fiend
 31887 | IceCv    | Killed an Ice Fiend
 31916 | IceCv    | Identified a +2 pair of boots of running (You found it in an ice cave)
 31922 | IceCv    | Got a shimmering turquoise ring
 31924 | IceCv    | Got a pair of dazzling gloves
 31927 | IceCv    | Identified the +3 pair of gloves of Wrong Decisions {Str-3 Int+5} (You found it in an ice cave)
 31932 | IceCv    | Identified the ring of Podghuucwy {+Blink rPois rC+ Dex+3 Curse} (You found it in an ice cave)
 32295 | Spider:5 | Entered Level 5 of the Spider Nest
 32524 | Spider:5 | Noticed Louise
 32527 | Spider:5 | Cast into the Abyss (Louise)
 32712 | Spider:5 | Escaped the Abyss
 32719 | Spider:5 | Killed Louise
 32804 | Spider:5 | Reached skill level 17 in Unarmed Combat
 32988 | Spider:5 | Reached XP level 18. HP: 113/113 MP: 30/33
 33422 | Spider:5 | Got a gossamer rune of Zot
 34499 | Depths:1 | Entered Level 1 of the Depths
 34503 | Depths:1 | Paralysed by a giant eyeball for 3 turns
 34508 | Depths:1 | Paralysed by a giant eyeball for 2 turns
 34542 | Depths:1 | Paralysed by a giant eyeball for 2 turns
 34869 | Depths:1 | Reached skill level 10 in Dodging
 35531 | Depths:1 | Found a gateway to Hell.
 35544 | Depths:1 | Found Zeso's Pet Rocks.
 35571 | Depths:1 | Reached XP level 19. HP: 61/119 MP: 34/34
 35684 | Depths:1 | Found a corrupted altar of Lugonu.
 35684 | Depths:1 | Found a one-way gate to the infinite horrors of the Abyss.
 35890 | Depths:1 | the one-way gate to the infinite horrors of the Abyss was a mimic.
 36044 | Depths:2 | Paralysed by a sphinx for 3 turns
 36182 | Depths:2 | Reached skill level 18 in Unarmed Combat
 36686 | Depths:2 | Found a gateway to a ziggurat.
 37639 | Depths:2 | Reached skill level 10 in Spellcasting
 38433 | Shoals:1 | Entered Level 1 of the Shoals
 39250 | Shoals:2 | Reached XP level 20. HP: 126/126 MP: 36/36
 39262 | Shoals:2 | Noticed Polyphemus
 39271 | Shoals:2 | Killed Polyphemus
 39566 | Shoals:2 | Found a shimmering altar of Xom.
 40249 | Shoals:3 | Noticed Ilsuiw
 40270 | Shoals:3 | Killed Ilsuiw
 40704 | Shoals:3 | Noticed Mara
 40709 | Shoals:3 | Noticed oshikia's illusion
 40736 | Shoals:3 | Killed Mara
 40771 | Shoals:3 | Noticed Roxanne
 40785 | Shoals:3 | Killed Roxanne
 40852 | Shoals:3 | Noticed Aizul
 40867 | Shoals:3 | Killed Aizul
 41133 | Shoals:4 | Noticed Agnes
 41197 | Shoals:4 | Killed Agnes
 41241 | Shoals:4 | Reached skill level 19 in Unarmed Combat
 41293 | Shoals:4 | Got a steaming bronze ring
 41294 | Shoals:4 | Identified the ring "Seulum" {+Fly MP+9} (You found it on level 4 of the Shoals)
 42114 | Shoals:5 | Entered Level 5 of the Shoals
 42682 | Shoals:5 | Got a barnacled rune of Zot
 42793 | Shoals:5 | Reached XP level 21. HP: 124/132 MP: 37/37
 43313 | Shoals:5 | Paralysed by a siren for 6 turns
 43830 | Slime:1  | Entered Level 1 of the Pits of Slime
 45052 | Slime:5  | Paralysed by a giant eyeball for 2 turns
 45172 | Slime:6  | Entered Level 6 of the Pits of Slime
 45179 | Slime:6  | Noticed tedric's ghost (mighty GrEE)
 45380 | Slime:6  | Killed tedric's ghost
 45576 | Slime:6  | Reached skill level 20 in Unarmed Combat
 45579 | Slime:6  | Reached skill level 10 in Translocations
 45603 | Slime:6  | Noticed the royal jelly
 45613 | Slime:6  | Killed the royal jelly
 45613 | Slime:6  | Reached skill level 15 in Fighting
 45616 | Slime:6  | HP: 6/134 [acid blob/splash of acid[the royal jelly] (7)]
 45616 | Slime:6  | Splashed by an acid blob's acid

Action                   |  1- 3 |  4- 6 |  7- 9 | 10-12 | 13-15 | 16-18 | 19-21 || total
-------------------------+-------+-------+-------+-------+-------+-------+-------++-------
Melee: Unarmed           |   123 |   195 |   479 |   723 |  1388 |  1514 |  1241 ||  5663
 Fire: Blowgun           |       |       |     9 |     8 |    11 |     8 |     8 ||    44
Throw: Dart              |       |     3 |     6 |       |       |       |       ||     9
 Cast: Call Canine Famil |       |       |       |     5 |     4 |       |       ||     9
       Stoneskin         |       |       |       |       |    13 |     7 |    10 ||    30
       Regeneration      |       |       |       |       |     4 |     1 |    18 ||    23
       Phase Shift       |       |       |       |       |       |     3 |    22 ||    25
       Statue Form       |       |       |       |       |       |     1 |     2 ||     3
Invok: Bend Time         |       |       |     1 |     2 |     2 |     3 |     1 ||     9
       Temporal Distorti |       |       |     1 |     1 |     1 |       |       ||     3
       Slouch            |       |       |       |     8 |    10 |    11 |    21 ||    50
 Abil: Fly               |       |       |       |       |     1 |       |     1 ||     2
       Stop Flying       |       |       |       |       |       |       |     1 ||     1
Evoke: Wand              |       |       |     4 |    13 |     8 |    20 |    11 ||    56
  Use: Potion            |       |       |     1 |     9 |     2 |     6 |     6 ||    24
       Scroll            |       |       |     1 |    14 |    15 |     6 |    10 ||    46
 Stab: Sleeping          |     5 |     2 |     6 |    24 |    53 |    63 |    30 ||   183
       Confused          |       |       |     1 |       |       |       |     1 ||     2
       Distracted        |       |       |       |     2 |     9 |    13 |     5 ||    29
       Petrifying        |       |       |       |       |     5 |       |       ||     5
       Petrified         |       |       |       |       |     2 |       |       ||     2
       Fleeing           |       |       |       |       |       |       |     1 ||     1
